 Dungeon Crawl Stone Soup version 0.30-a0-824-g6c64550be9 (webtiles) character file.

Game seed: 13620477885412593164

48 BlueFish the Sneak (level 3, -9/25 HPs)
             Began as a Vampire Enchanter on Feb 27, 2023.
             Mangled by Terence
             ... wielding a +0 flail
              (11 damage)
             ... on level 2 of the Dungeon.
             The game lasted 00:02:27 (1082 turns).

BlueFish the Sneak (Vampire Enchanter)              Turns: 1082, Time: 00:02:27

Health: -9/25      AC:  2    Str:  7    XL:     3   Next: 50%
Magic:  3/6        EV: 12    Int: 17    God:
Gold:   53         SH:  0    Dex: 16    Spells: 4/6 levels left

rFire   . . .      SeeInvis +    a - +1 dagger
rCold   . . .      Faith    .    (no shield)
rNeg    . . .      Spirit   .    b - +0 robe
rPois   .          Reflect  .    (no helmet)
rElec   .          Harm     .    m - scarf {repulsion}
rCorr   .          Rampage  .    (no gloves)
Will    .....      Rage     9%   (no boots)
Stlth   +++                      (no amulet)
HPRegen 0.44/turn                (no ring)
MPRegen 0.10/turn                (no ring)

@: healing quickly, repel missiles
A: alive, fangs 3, see invisible, vampiric 2, berserk 2
a: Exsanguinate


You were on level 2 of the Dungeon.
You visited 1 branch of the dungeon, and saw 2 of its levels.

You collected 53 gold pieces.

Inventory:

Hand Weapons
 a - a +1 dagger (weapon)
Armour
 b - a +0 robe (worn)
 m - a scarf of repulsion (worn)
Scrolls
 e - 4 scrolls of fear {unknown}
 f - a scroll of amnesia {unknown}
 g - a scroll of enchant armour {unknown}
 j - a scroll of magic mapping {unknown}
 k - 2 scrolls of identify {unknown}
 o - a scroll of teleportation {unknown}
Potions
 c - 2 potions of invisibility
 d - a potion of berserk rage {unknown}
 h - a potion of brilliance {unknown}
 i - a potion of heal wounds {unknown}
 l - 2 potions of mutation
 n - a potion of resistance {unknown}


   Skills:
 + Level 0.6 Fighting
 + Level 1.5 Short Blades
 + Level 0.6 Armour
 + Level 2.5 Dodging
 + Level 5.1 Stealth
 + Level 2.2 Spellcasting
 + Level 4.8 Hexes


You had 4 spell levels left.
You knew the following spells:

 Your Spells              Type           Power      Damage    Failure   Level
a - Ensorcelled Hibernat  Hex/Ice        20%        N/A       11%         2

Your spell library contained the following spells:

 Spells                   Type           Power      Damage    Failure   Level
 Confusing Touch          Hex            18%        N/A       8%          3
 Tukima's Dance           Hex            18%        N/A       8%          3
 Freeze                   Ice            4%         1d3       19%         1
 Dazzling Flash           Conj/Hex       20%        N/A       21%         3
 Frozen Ramparts          Ice            2%         1d1       50%         3
 Hailstorm                Conj/Ice       1%         3d3       50%         3


Dungeon Overview and Level Annotations

Branches:
Dungeon (2/15)

Altars:

Annotations:
D:2 Terence


Innate Abilities, Weirdness & Mutations

Your natural rate of healing is accelerated.
You have razor-sharp teeth.
You have supernaturally acute eyesight. (SInv)
You are afflicted with vampirism and can become a bat while bloodless.
You have an uncontrollable temper.


Message History

Press: ? - help, Shift-Dir - straight line, f - ball python, p - Terence
Aim: a ball python (chance to affect: 62%)
The ball python looks drowsy...
Terence barely misses you.
Casting: Ensorcelled Hibernation (safe; 11% risk of failure)
Confirm with . or Enter, or press ? or * to list all spells.
Aiming: Ensorcelled Hibernation (safe; 11% risk of failure)
Press: ? - help, Shift-Dir - straight line, f - Terence, p - ball python
Aim: Terence, wielding a +0 flail and wearing a +0 chain mail (heavily wounded, not susceptible)
Okay, then.
Casting: Ensorcelled Hibernation (safe; 11% risk of failure)
Confirm with . or Enter, or press ? or * to list all spells.
Okay, then.
Terence hits you with a +0 flail.
The ball python hisses angrily.
You hit Terence but do no damage.
Terence is heavily wounded.
The ball python closely misses you. The ball python grabs you.
The ball python constricts you. Terence hits you with a +0 flail!
You hit Terence but do no damage.
Terence is heavily wounded.
The ball python closely misses you. The ball python constricts you.
You escape the ball python's grasp.
Terence closely misses you. Terence attacks as you move away!
Terence hits you with a +0 flail.
You hit Terence but do no damage. You bite Terence, but do no damage.
Terence is heavily wounded.
Terence closely misses you.
You completely miss Terence. You bite Terence.
Terence is heavily wounded.
Terence barely misses you.
You hit Terence but do no damage. Your bite misses Terence.
Terence is heavily wounded.
Terence hits you with a +0 flail.
You hit Terence.
Terence is severely wounded.
Terence hits you with a +0 flail!
* * * LOW HITPOINT WARNING * * *
It was a potion of mutation.
You feel extremely strange.
You feel a little pissed off.
You feel extremely angry at everything! Terence hits you with a +0 flail!
You die...

........#...###...####.#......#
>#................†.........).#
###.###...##..†..####..#......#
#. ....##......##...##......#
###...###...........##......#
.............##....#########
.##...#......##....#
........##....# ........@@S...#
.##....###...##### #....
#......... #.#.. #...#..... ..
... .......... ## ##..
####....... #.. ..#.### ...
..#..# ... .#


You could see Terence and a ball python.

Vanquished Creatures
  An adder (D:2)
  An endoplasm (D:1)
  5 giant cockroaches
  5 hobgoblins
  A jackal (D:1)
  5 ball pythons
  5 bats (D:1)
  3 frilled lizards (D:1)
  4 goblins (D:1)
  2 kobolds (D:1)
  5 rats
37 creatures vanquished.

Notes
Turn   | Place    | Note
-------+----------+-------------------------------------------
     0 | D:1      | BlueFish the Vampire Enchanter began the quest for the Orb.
     0 | D:1      | Reached XP level 1. HP: 13/13 MP: 3/3
   257 | D:1      | Reached XP level 2. HP: 19/19 MP: 5/5
   269 | D:1      | Learned a level 2 spell: Ensorcelled Hibernation
   806 | D:1      | Gained mutation: You are afflicted with vampirism and can
                  | become a bat while bloodless. [Vampire growth]
   806 | D:1      | Reached XP level 3. HP: 25/25 MP: 6/6
   930 | D:2      | Reached skill level 5 in Stealth
  1063 | D:2      | Noticed Terence
  1082 | D:2      | Gained mutation: You sometimes lose your temper in combat.
                  | [potion of mutation]
  1082 | D:2      | Gained mutation: You have an uncontrollable temper. [potion
                  | of mutation]
  1082 | D:2      | Mangled by Terence

Illustrated notes

Levels and vault maps discovered:
D:1:      dpeg_arrival_brainrot, layout_basic
D:2:      layout_rooms, columned_hall_lemuel,
          hangedman_abyss_or_decor_lesser_grid, uniq_jessica, uniq_terence,
          uniq_natasha, uniq_crazy_yiuf_cottage

Skill      XL: |  1  2  3 |
---------------+----------+-----
Stealth        | 5 |  5.1
Fighting       | |  0.6
Short Blades   | |  1.5
Armour         | |  0.6
Dodging        | |  2.5
Spellcasting   | |  2.2
Hexes          | |  4.8

Action                     || total
---------------------------++-------
  Melee: Dagger            ||   125
         Bite              ||    11
   Cast: Ensorcelled Hiber ||     5
    Use: Potion            ||     1
   Stab: Sleeping          ||     9
 Armour: Robe              ||    24
  Dodge: Dodged            ||   105

Table legend: (Time is in decaauts)
 A = Elapsed time spent in this place.
 B = Non-inter-level travel time spent in this place.
 C = Inter-level travel time spent in this place.
 D = Time resting spent in this place.
 E = Time spent auto-exploring this place.
 F = Levels seen in this place.
 G = Mean time per level.
                   A        B        C        D        E       F      G
               +--------+--------+--------+--------+--------+-----+--------+
         Total |   1073 |   1068 |      5 |      7 |    684 |   2 |  536.5 |
       Dungeon |   1073 |   1068 |      5 |      7 |    684 |   2 |  536.5 |
               +--------+--------+--------+--------+--------+-----+--------+

Top non-repeatable levels by time:
     D:1: 903 daAuts
     D:2: 169 daAuts
